London Knights vs Toronto St Pats
Created - Tuesday, April 11, 2023 at 07:29
Goals
|
| London Knights |
0 |
0 |
2 |
1 |
3 |
| Toronto St Pats |
0 |
1 |
1 |
0 |
2 |
|
Shots
|
| London Knights |
2 |
13 |
7 |
2 |
24 |
| Toronto St Pats |
4 |
9 |
14 |
0 |
27 |
|
1st period
No Goal
Penalties :
Simon Lundmark (LKN) for Hooking (Minor) at 7:20, Glenn Gawdin (TSP) for Boarding (Minor) at 12:25
2nd period
1. Toronto St Pats , Rudolfs Balcers 12 (Glenn Gawdin 8, Luke Henman 1) at 6:53
Penalties :
Glenn Gawdin (TSP) for Interference (Minor) at 2:43, Tyce Thompson (LKN) for High sticking (Minor) at 9:22
3rd period
2. London Knights , Connor Bunnaman 5 (Sami Niku 5, Michael Hutchinson) at 2:25
3. Toronto St Pats , Dylan Samberg 3 (Connor Dewar 2, Lassi Thomson 16) at 7:45
4. London Knights , Rasmus Kupari 4 (Jonathan Dahlen 10, Sami Niku 6) at 19:46
Penalties :
Dylan Samberg (TSP) for Roughing (Minor) at 2:47
Overtime #1
5. London Knights , Jonathan Dahlen 7 (Troy Stecher 7, Michael Hutchinson) at 0:45 (PP)
Penalties :
Pierre-Olivier Joseph (TSP) for Interference (Minor) at 0:03
Goalie Stats
Michael Hutchinson (LKN), 25 saves from 27 shots - (0.926), W, 1-7-1, 60:01 minutes
Jonathan Bernier (TSP), 21 saves from 24 shots - (0.875), OTL, 10-5-3, 60:45 minutes
Players Stats for London Knights
Player Name G A P +/- PIM S H SB GA TA FO MP PP MP PK MP
------------------------------------------------------------------------------------
Cameron Hughes 0 0 0 -1 0 2 3 2 0 0 0/1 17:33 2:27 1:01
Christian Wolanin 0 0 0 -1 0 0 1 1 1 0 0/0 18:14 2:02 1:43
Cole Koepke 0 0 0 1 0 0 4 1 0 0 0/0 7:45 0:00 0:00
Connor Bunnaman 1 0 1 0 0 4 0 0 1 1 0/0 12:51 0:00 0:00
Curtis Douglas 0 0 0 0 0 1 3 3 1 0 3/5 13:54 0:07 0:00
Dominik Bokk 0 0 0 0 0 0 0 1 0 0 0/0 14:46 0:07 0:53
Ethan Bear 0 0 0 0 0 3 2 1 0 0 0/0 24:52 3:55 2:15
Jan Jenik 0 0 0 -1 0 0 1 2 0 0 1/8 17:45 2:27 1:17
Jonathan Dahlen 1 1 2 1 0 4 1 0 2 0 1/4 23:28 3:23 1:54
Jordan Oesterle 0 0 0 -1 0 0 2 0 0 0 0/0 18:47 2:02 1:43
Marco Rossi 0 0 0 1 0 1 1 0 0 0 1/2 9:21 0:00 0:50
Nick Swaney 0 0 0 -1 0 1 0 2 0 1 1/1 16:32 2:27 0:00
Rasmus Kupari 1 0 1 0 0 3 5 0 0 0 9/18 20:18 3:23 2:01
Sami Niku 0 2 2 1 0 0 1 1 0 0 0/0 17:42 0:00 0:00
Simon Lundmark 0 0 0 1 2 0 0 2 0 0 0/0 17:06 0:00 0:00
Simon Ryfors 0 0 0 0 0 0 0 0 0 0 0/0 5:15 0:07 0:00
Troy Stecher 0 1 1 0 0 3 1 1 2 0 0/0 24:54 3:55 2:15
Tyce Thompson 0 0 0 0 2 2 1 2 0 0 1/1 17:57 3:23 0:00
Players Stats for Toronto St Pats
Player Name G A P +/- PIM S H SB GA TA FO MP PP MP PK MP
------------------------------------------------------------------------------------
Antonio Stranges 0 0 0 0 0 0 2 0 0 0 0/0 8:56 0:00 0:00
Austin Watson 0 0 0 -2 0 4 6 0 0 2 0/0 20:20 1:45 3:29
Brad Malone 0 0 0 1 0 2 3 1 1 0 0/1 14:57 0:14 1:44
Connor Dewar 0 1 1 1 0 1 5 0 0 0 0/0 12:24 0:04 0:00
Dylan Samberg 1 0 1 0 2 3 2 2 0 1 0/0 25:06 2:17 3:05
Glenn Gawdin 0 1 1 1 4 1 3 0 0 0 4/6 15:47 1:48 0:49
Ivan Lodnia 0 0 0 -1 0 2 0 0 0 1 0/0 10:37 0:01 0:00
Jake Leschyshyn 0 0 0 1 0 1 1 0 0 1 8/14 16:14 0:00 4:04
Jesse Puljujarvi 0 0 0 -1 0 0 3 0 0 0 1/1 16:47 2:09 0:00
Lassi Thomson 0 1 1 0 0 2 1 1 0 1 0/0 26:17 2:17 4:14
Liam Foudy 0 0 0 0 0 3 1 0 0 0 1/3 16:26 1:45 0:31
Lucas Carlsson 0 0 0 0 0 0 0 1 1 0 0/0 16:29 1:41 2:24
Luke Henman 0 1 1 0 0 1 2 0 0 0 0/0 9:28 0:00 0:00
Nikita Okhotyuk 0 0 0 0 0 0 2 0 0 0 0/0 13:19 0:00 0:17
Pierre-Olivier Joseph 0 0 0 0 2 3 1 1 0 0 0/0 20:01 0:00 2:18
Quinton Byfield 0 0 0 -1 0 2 0 1 0 0 9/14 16:06 1:59 0:00
Rudolfs Balcers 1 0 1 1 0 1 2 0 0 0 0/1 17:15 2:09 1:58
Scott Perunovich 0 0 0 0 0 1 0 0 0 1 0/0 19:49 1:41 0:58
3 Stars
1 - Jonathan Dahlen (LKN)
2 - Rasmus Kupari (LKN)
3 - Sami Niku (LKN)
Power Play
London Knights - 1 on 4 Attempt(s) - 25.00%
Toronto St Pats - 0 on 2 Attempt(s) - 0.00%
Penalty Kill
London Knights - 2 on 2 Attempt(s) - 100.00%
- Score 0 goal in Penalty Kill
Toronto St Pats - 3 on 4 Attempt(s) - 75.00%
- Score 0 goal in Penalty Kill
Team Stat
London Knights - Hits : 26 - Faceoff Wins : 17 - Blocked Shots : 19 - Penalty Minutes : 4
Toronto St Pats - Hits : 34 - Faceoff Wins : 23 - Blocked Shots : 7 - Penalty Minutes : 8
Official
Referees : Brian Pochmara and Wes McCauley
Linesman : Bryan Pancich and Brian Mach
Game Notes
1:17 of 3rd period - Toronto St Pats goal is going for a video replay. After video review, No Goal. The referee deems the play has been stopped, even if he had not physically had the opportunity to stop play by blowing his whistle.
London Knights
5 vs 5 Forward
Center Left Wing Right Wing Time % Phy DF OF
1 Rasmus Kupari Jonathan Dahlen Tyce Thompson 40 1 2 2
2 Jan Jenik Cameron Hughes Nick Swaney 30 1 2 2
3 Curtis Douglas Connor Bunnaman Dominik Bokk 20 1 2 2
4 Marco Rossi Cole Koepke Jonathan Dahlen 10 1 2 2
5 vs 5 Defense
Defense Defense Time % Phy DF OF
1 Troy Stecher Ethan Bear 40 1 2 2
2 Jordan Oesterle Christian Wolanin 30 1 2 2
3 Sami Niku Simon Lundmark 20 1 2 2
4 Troy Stecher Ethan Bear 10 1 2 2
PowerPlay Forward
Center Left Wing Right Wing Time % Phy DF OF
1 Rasmus Kupari Jonathan Dahlen Tyce Thompson 60 1 2 2
2 Jan Jenik Cameron Hughes Nick Swaney 40 1 2 2
PowerPlay Defense
Defense Defense Time % Phy DF OF
1 Troy Stecher Ethan Bear 60 1 2 2
2 Jordan Oesterle Christian Wolanin 40 1 2 2
Penalty Kill 4 Players Forward
Center Wing Time % Phy DF OF
1 Jonathan Dahlen Rasmus Kupari 60 1 2 2
2 Jan Jenik Cameron Hughes 40 1 2 2
Penalty Kill 4 Players Defense
Defense Defense Time % Phy DF OF
1 Troy Stecher Ethan Bear 60 1 2 2
2 Jordan Oesterle Christian Wolanin 40 1 2 2
Penalty Kill - 3 Players Forward
Forward Time % Phy DF OF
1 Jonathan Dahlen 60 1 2 2
2 Rasmus Kupari 40 1 2 2
Penalty Kill - 3 Players Defense
Defense Defense Time % Phy DF OF
1 Troy Stecher Ethan Bear 60 1 2 2
2 Jordan Oesterle Christian Wolanin 40 1 2 2
4 vs 4 Forward
Center Wing Time % Phy DF OF
1 Jonathan Dahlen Rasmus Kupari 60 1 2 2
2 Jan Jenik Cameron Hughes 40 1 2 2
4 vs 4 Defense
Defense Defense Time % Phy DF OF
1 Troy Stecher Ethan Bear 60 1 2 2
2 Jordan Oesterle Christian Wolanin 40 1 2 2
Last Minutes Offensive
Center Left Wing Right Wing Defense Defense
Rasmus Kupari Jonathan Dahlen Tyce Thompson Troy Stecher Ethan Bear
Last Minutes Defensive
Center Left Wing Right Wing Defense Defense
Rasmus Kupari Jonathan Dahlen Tyce Thompson Troy Stecher Ethan Bear
Goaltenders
Starting : Michael Hutchinson
Backup : Michael McNiven
Extra Forwards
Normal : Simon Ryfors, Curtis Douglas, Marco Rossi - PP : Simon Ryfors, Curtis Douglas - PK : Marco Rossi
Extra Defensemen
Normal : Sami Niku, Simon Lundmark, Jordan Oesterle - PP : Sami Niku - PK : Simon Lundmark, Jordan Oesterle
Penalty Shots
Jonathan Dahlen, Rasmus Kupari, Jan Jenik, Cameron Hughes, Curtis Douglas
Toronto St Pats
5 vs 5 Forward
Center Left Wing Right Wing Time % Phy DF OF
1 Quinton Byfield Austin Watson Jesse Puljujarvi 40 1 2 2
2 Glenn Gawdin Brad Malone Rudolfs Balcers 30 1 2 2
3 Jake Leschyshyn Connor Dewar Liam Foudy 20 1 2 2
4 Luke Henman Antonio Stranges Ivan Lodnia 10 1 2 2
5 vs 5 Defense
Defense Defense Time % Phy DF OF
1 Dylan Samberg Lassi Thomson 40 1 2 2
2 Pierre-Olivier Joseph Scott Perunovich 30 1 2 2
3 Lucas Carlsson Nikita Okhotyuk 20 1 2 2
4 Pierre-Olivier Joseph Scott Perunovich 10 1 2 2
PowerPlay Forward
Center Left Wing Right Wing Time % Phy DF OF
1 Quinton Byfield Rudolfs Balcers Jesse Puljujarvi 60 1 2 2
2 Glenn Gawdin Austin Watson Liam Foudy 40 1 2 2
PowerPlay Defense
Defense Defense Time % Phy DF OF
1 Dylan Samberg Lassi Thomson 60 1 2 2
2 Scott Perunovich Lucas Carlsson 40 1 2 2
Penalty Kill 4 Players Forward
Center Wing Time % Phy DF OF
1 Jake Leschyshyn Austin Watson 60 1 2 2
2 Glenn Gawdin Rudolfs Balcers 40 1 2 2
Penalty Kill 4 Players Defense
Defense Defense Time % Phy DF OF
1 Dylan Samberg Lassi Thomson 60 1 2 2
2 Lucas Carlsson Pierre-Olivier Joseph 40 1 2 2
Penalty Kill - 3 Players Forward
Forward Time % Phy DF OF
1 Jake Leschyshyn 60 1 2 2
2 Glenn Gawdin 40 1 2 2
Penalty Kill - 3 Players Defense
Defense Defense Time % Phy DF OF
1 Dylan Samberg Lassi Thomson 60 1 2 2
2 Lucas Carlsson Pierre-Olivier Joseph 40 1 2 2
4 vs 4 Forward
Center Wing Time % Phy DF OF
1 Jake Leschyshyn Liam Foudy 60 1 2 2
2 Glenn Gawdin Rudolfs Balcers 40 1 2 2
4 vs 4 Defense
Defense Defense Time % Phy DF OF
1 Pierre-Olivier Joseph Scott Perunovich 60 1 2 2
2 Lucas Carlsson Nikita Okhotyuk 40 1 2 2
Last Minutes Offensive
Center Left Wing Right Wing Defense Defense
Quinton Byfield Rudolfs Balcers Jesse Puljujarvi Dylan Samberg Lassi Thomson
Last Minutes Defensive
Center Left Wing Right Wing Defense Defense
Glenn Gawdin Austin Watson Rudolfs Balcers Dylan Samberg Lassi Thomson
Goaltenders
Starting : Jonathan Bernier
Backup : Jakub Skarek
Extra Forwards
Normal : Liam Foudy, Ivan Lodnia, Luke Henman - PP : Brad Malone, Connor Dewar - PK : Brad Malone
Extra Defensemen
Normal : Lucas Carlsson, Nikita Okhotyuk, Scott Perunovich - PP : Pierre-Olivier Joseph - PK : Scott Perunovich, Nikita Okhotyuk
Penalty Shots
Quinton Byfield, Glenn Gawdin, Liam Foudy, Austin Watson, Pierre-Olivier Joseph
% Time on Ice - London Knights
Lines # - Real PCT - Wanted PCT - Time Play
Normal Forward
1 - 28% - 40% - 13:35
2 - 30% - 30% - 14:57
3 - 26% - 20% - 12:51
4 - 16% - 10% - 7:45
Normal Defense
1 - 37% - 40% - 18:17
2 - 29% - 30% - 14:24
3 - 33% - 20% - 16:04
4 - 1% - 10% - 0:23
PP Forward
1 - 59% - 60% - 3:30
2 - 41% - 40% - 2:27
PP Defense
1 - 66% - 60% - 3:55
2 - 34% - 40% - 2:02
PK Forward
1 - 74% - 60% - 2:57
2 - 26% - 40% - 1:01
PK Defense
1 - 57% - 60% - 2:15
2 - 43% - 40% - 1:43
PK3 Forward
1 - 0% - 60%
2 - 0% - 40%
PK3 Defense
1 - 0% - 60%
2 - 0% - 40%
44 Forward
1 - 93% - 60% - 0:42
2 - 7% - 40% - 0:03
44 Defense
1 - 100% - 60% - 0:45
2 - 0% - 40% - 0:00
Last Minute Offensive - 0:57
Last Minute Defensive - 0:00
Total
Forward - 60:45
Defense - 60:45
|
% Time on Ice - Toronto St Pats
Lines # - Real PCT - Wanted PCT - Time Play
Normal Forward
1 - 30% - 40% - 14:43
2 - 27% - 30% - 13:26
3 - 25% - 20% - 12:06
4 - 18% - 10% - 8:56
Normal Defense
1 - 39% - 40% - 19:02
2 - 30% - 30% - 15:00
3 - 24% - 20% - 11:55
4 - 7% - 10% - 3:14
PP Forward
1 - 55% - 60% - 2:10
2 - 45% - 40% - 1:48
PP Defense
1 - 58% - 60% - 2:17
2 - 42% - 40% - 1:41
PK Forward
1 - 67% - 60% - 4:00
2 - 33% - 40% - 1:57
PK Defense
1 - 61% - 60% - 3:39
2 - 39% - 40% - 2:18
PK3 Forward
1 - 85% - 60% - 0:35
2 - 15% - 40% - 0:06
PK3 Defense
1 - 85% - 60% - 0:35
2 - 15% - 40% - 0:06
44 Forward
1 - 100% - 60% - 0:04
2 - 0% - 40% - 0:00
44 Defense
1 - 100% - 60% - 0:04
2 - 0% - 40% - 0:00
Last Minute Offensive - 0:00
Last Minute Defensive - 0:54
Total
Forward - 60:45
Defense - 60:45
|
Play-by-Play
1st period
0:01 of 1st period - Quinton Byfield wins face-off versus Rasmus Kupari in neutral zone.
0:04 of 1st period - Snap shot by Quinton Byfield.
0:04 of 1st period - Stopped by Michael Hutchinson with a rebound.
0:14 of 1st period - Wrist shot by Tyce Thompson.
0:14 of 1st period - Shot Blocked by Dylan Samberg.
0:16 of 1st period - Slapshot by Ethan Bear.
0:16 of 1st period - Deflect By Jonathan Dahlen.
0:16 of 1st period - Shot Misses the Net.
0:16 of 1st period - Puck is out of play.
0:17 of 1st period - Glenn Gawdin wins face-off versus Jan Jenik in Toronto St Pats zone.
0:36 of 1st period - Christian Wolanin is hit by Glenn Gawdin and loses puck.
0:47 of 1st period - Snap shot by Jan Jenik.
0:47 of 1st period - Shot Misses the Net.
0:49 of 1st period - Snap shot by Curtis Douglas.
0:49 of 1st period - Shot Misses the Net.
0:51 of 1st period - Wrist shot by Connor Bunnaman.
0:51 of 1st period - Stopped by Jonathan Bernier with a rebound.
1:09 of 1st period - Wrist shot by Austin Watson.
1:09 of 1st period - Shot Blocked by Tyce Thompson.
1:11 of 1st period - Snap shot by Austin Watson.
1:11 of 1st period - Stopped by Michael Hutchinson with a rebound.
1:55 of 1st period - Ethan Bear is hit by Connor Dewar and loses puck.
2:00 of 1st period - Wrist shot by Liam Foudy.
2:00 of 1st period - Shot Blocked by Nick Swaney.
2:28 of 1st period - Jordan Oesterle is hit by Brad Malone.
2:48 of 1st period - Brad Malone is hit by Jordan Oesterle and loses puck.
2:59 of 1st period - Ethan Bear is hit by Antonio Stranges and loses puck.
3:32 of 1st period - Lassi Thomson is hit by Cole Koepke and loses puck.
4:07 of 1st period - Slapshot by Scott Perunovich.
4:07 of 1st period - Shot Blocked by Jan Jenik.
4:13 of 1st period - Pierre-Olivier Joseph is hit by Christian Wolanin and loses puck.
4:34 of 1st period - Wrist shot by Dominik Bokk.
4:34 of 1st period - Shot Misses the Net.
4:36 of 1st period - Wrist shot by Dominik Bokk.
4:36 of 1st period - Shot Misses the Net.
5:05 of 1st period - Lucas Carlsson is hit by Rasmus Kupari and loses puck.
5:32 of 1st period - Lucas Carlsson is hit by Cameron Hughes and loses puck.
6:06 of 1st period - Slapshot by Jonathan Dahlen.
6:06 of 1st period - Stopped by Jonathan Bernier with a rebound.
7:09 of 1st period - Nick Swaney is hit by Brad Malone and loses puck.
7:20 of 1st period - Minor Penalty to Simon Lundmark for Hooking.
7:21 of 1st period - Jesse Puljujarvi wins face-off versus Jonathan Dahlen in London Knights zone.
7:28 of 1st period - Snap shot by Jesse Puljujarvi.
7:28 of 1st period - Shot Misses the Net.
7:44 of 1st period - Troy Stecher is hit by Lassi Thomson and loses puck.
7:49 of 1st period - Snap shot by Austin Watson.
7:49 of 1st period - Shot Misses the Net.
7:51 of 1st period - Snap shot by Liam Foudy.
7:51 of 1st period - Stopped by Michael Hutchinson with a rebound.
9:20 of 1st period - Penalty to Simon Lundmark is over, Simon Lundmark is back on ice.
9:31 of 1st period - Snap shot by Ivan Lodnia.
9:31 of 1st period - Stopped by Michael Hutchinson with a rebound.
9:53 of 1st period - Simon Lundmark is hit by Connor Dewar and loses puck.
11:10 of 1st period - Troy Stecher is hit by Rudolfs Balcers and loses puck.
11:29 of 1st period - Lucas Carlsson is hit by Cameron Hughes.
12:18 of 1st period - Brad Malone is hit by Curtis Douglas and loses puck.
12:25 of 1st period - Minor Penalty to Glenn Gawdin for Boarding.
12:26 of 1st period - Rasmus Kupari wins face-off versus Jake Leschyshyn in Toronto St Pats zone.
13:56 of 1st period - Brad Malone is hit by Troy Stecher and loses puck.
14:25 of 1st period - Penalty to Glenn Gawdin is over, Glenn Gawdin is back on ice.
14:47 of 1st period - Marco Rossi is hit by Pierre-Olivier Joseph and loses puck.
16:01 of 1st period - Cameron Hughes is hit by Connor Dewar and loses puck.
16:32 of 1st period - Cole Koepke is hit by Austin Watson and loses puck.
17:50 of 1st period - Slapshot by Dylan Samberg.
17:50 of 1st period - Shot Blocked by Curtis Douglas.
18:58 of 1st period - Dylan Samberg is hit by Cole Koepke and loses puck.
19:49 of 1st period - Dominik Bokk is hit by Austin Watson and loses puck.
19:54 of 1st period - Snap shot by Jesse Puljujarvi.
19:54 of 1st period - Shot Blocked by Curtis Douglas.
Goals for this period are 0 for London Knights vs 0 for Toronto St Pats.
Shots for this period are 2 for London Knights vs 4 for Toronto St Pats.
2nd period
0:01 of 2nd period - Quinton Byfield wins face-off versus Rasmus Kupari in neutral zone.
0:33 of 2nd period - Slapshot by Glenn Gawdin.
0:33 of 2nd period - Stopped by Michael Hutchinson with a rebound.
0:46 of 2nd period - Icing by Dominik Bokk.
0:47 of 2nd period - Jake Leschyshyn wins face-off versus Jan Jenik in London Knights zone.
0:54 of 2nd period - Backhand shot by Jan Jenik.
0:54 of 2nd period - Shot Misses the Net.
0:56 of 2nd period - Snap shot by Cameron Hughes.
0:56 of 2nd period - Shot Misses the Net.
0:58 of 2nd period - Slapshot by Troy Stecher.
0:58 of 2nd period - Shot Misses the Net.
1:00 of 2nd period - Slapshot by Troy Stecher.
1:00 of 2nd period - Stopped by Jonathan Bernier with a rebound.
1:02 of 2nd period - Wrist shot by Nick Swaney.
1:02 of 2nd period - Stopped by Jonathan Bernier with a rebound.
1:12 of 2nd period - Jordan Oesterle is hit by Jesse Puljujarvi and loses puck.
1:32 of 2nd period - Icing by Christian Wolanin.
1:33 of 2nd period - Glenn Gawdin wins face-off versus Curtis Douglas in London Knights zone.
2:00 of 2nd period - Snap shot by Curtis Douglas.
2:00 of 2nd period - Shot Misses the Net.
2:22 of 2nd period - Snap shot by Jan Jenik.
2:22 of 2nd period - Shot Misses the Net.
2:24 of 2nd period - Snap shot by Cameron Hughes.
2:24 of 2nd period - Shot Blocked by Lassi Thomson.
2:26 of 2nd period - Snap shot by Cameron Hughes.
2:26 of 2nd period - Stopped by Jonathan Bernier without a rebound.
2:27 of 2nd period - Glenn Gawdin wins face-off versus Cameron Hughes in Toronto St Pats zone.
2:43 of 2nd period - Minor Penalty to Glenn Gawdin for Interference.
2:44 of 2nd period - Rasmus Kupari wins face-off versus Jake Leschyshyn in Toronto St Pats zone.
2:49 of 2nd period - Snap shot by Jonathan Dahlen.
2:49 of 2nd period - Shot Misses the Net.
2:51 of 2nd period - Slapshot by Ethan Bear.
2:51 of 2nd period - Deflect By Lassi Thomson.
2:51 of 2nd period - Stopped by Jonathan Bernier without a rebound.
2:52 of 2nd period - Jake Leschyshyn wins face-off versus Rasmus Kupari in Toronto St Pats zone.
3:18 of 2nd period - Off-side.
3:19 of 2nd period - Jake Leschyshyn wins face-off versus Jan Jenik in neutral zone.
3:32 of 2nd period - Lucas Carlsson is hit by Cameron Hughes and loses puck.
3:48 of 2nd period - Off-side.
3:49 of 2nd period - Rasmus Kupari wins face-off versus Brad Malone in neutral zone.
3:52 of 2nd period - Brad Malone is hit by Rasmus Kupari and loses puck.
4:08 of 2nd period - Off-side.
4:09 of 2nd period - Jake Leschyshyn wins face-off versus Jan Jenik in neutral zone.
4:43 of 2nd period - Penalty to Glenn Gawdin is over, Glenn Gawdin is back on ice.
5:10 of 2nd period - Icing by Dylan Samberg.
5:11 of 2nd period - Marco Rossi wins face-off versus Quinton Byfield in Toronto St Pats zone.
5:16 of 2nd period - Snap shot by Marco Rossi.
5:16 of 2nd period - Stopped by Jonathan Bernier with a rebound.
5:28 of 2nd period - Jonathan Dahlen is hit by Dylan Samberg.
5:38 of 2nd period - Slapshot by Austin Watson.
5:38 of 2nd period - Shot Blocked by Nick Swaney.
5:40 of 2nd period - Snap shot by Brad Malone.
5:40 of 2nd period - Stopped by Michael Hutchinson without a rebound.
5:41 of 2nd period - Nick Swaney wins face-off versus Rudolfs Balcers in London Knights zone.
5:52 of 2nd period - Snap shot by Brad Malone.
5:52 of 2nd period - Shot Blocked by Jan Jenik.
5:54 of 2nd period - Snap shot by Brad Malone.
5:54 of 2nd period - Stopped by Michael Hutchinson with a rebound.
5:56 of 2nd period - Slapshot by Pierre-Olivier Joseph.
5:56 of 2nd period - Stopped by Michael Hutchinson with a rebound.
6:11 of 2nd period - Snap shot by Jonathan Dahlen.
6:11 of 2nd period - Shot Misses the Net.
6:13 of 2nd period - Slapshot by Tyce Thompson.
6:13 of 2nd period - Shot Misses the Net.
6:15 of 2nd period - Slapshot by Tyce Thompson.
6:15 of 2nd period - Shot Blocked by Quinton Byfield.
6:17 of 2nd period - Wrist shot by Jonathan Dahlen.
6:17 of 2nd period - Shot Misses the Net.
6:53 of 2nd period - Snap shot by Rudolfs Balcers.
6:53 of 2nd period - Goal by Rudolfs Balcers - London Knights : 0 - Toronto St Pats : 1.
6:54 of 2nd period - Rasmus Kupari wins face-off versus Quinton Byfield in neutral zone.
7:00 of 2nd period - Jesse Puljujarvi is hit by Rasmus Kupari and loses puck.
8:09 of 2nd period - Icing by Cole Koepke.
8:10 of 2nd period - Quinton Byfield wins face-off versus Marco Rossi in London Knights zone.
8:11 of 2nd period - Wrist shot by Jesse Puljujarvi.
8:11 of 2nd period - Shot Misses the Net.
8:13 of 2nd period - Slapshot by Dylan Samberg.
8:13 of 2nd period - Shot Blocked by Cole Koepke.
8:15 of 2nd period - Snap shot by Quinton Byfield.
8:15 of 2nd period - Shot Blocked by Sami Niku.
8:19 of 2nd period - Snap shot by Austin Watson.
8:19 of 2nd period - Stopped by Michael Hutchinson with a rebound.
8:21 of 2nd period - Slapshot by Dylan Samberg.
8:21 of 2nd period - Stopped by Michael Hutchinson with a rebound.
8:23 of 2nd period - Snap shot by Austin Watson.
8:23 of 2nd period - Stopped by Michael Hutchinson with a rebound.
8:45 of 2nd period - Wrist shot by Cameron Hughes.
8:45 of 2nd period - Stopped by Jonathan Bernier with a rebound.
9:07 of 2nd period - Wrist shot by Lucas Carlsson.
9:07 of 2nd period - Shot Misses the Net.
9:19 of 2nd period - Wrist shot by Liam Foudy.
9:19 of 2nd period - Deflect By Jake Leschyshyn.
9:19 of 2nd period - Stopped by Michael Hutchinson without a rebound.
9:20 of 2nd period - Rasmus Kupari wins face-off versus Jake Leschyshyn in London Knights zone.
9:22 of 2nd period - Minor Penalty to Tyce Thompson for High sticking.
9:23 of 2nd period - Quinton Byfield wins face-off versus Jonathan Dahlen in London Knights zone.
11:22 of 2nd period - Penalty to Tyce Thompson is over, Tyce Thompson is back on ice.
11:40 of 2nd period - Ivan Lodnia is hit by Rasmus Kupari and loses puck.
11:58 of 2nd period - Liam Foudy is hit by Sami Niku and loses puck.
14:07 of 2nd period - Cole Koepke is hit by Austin Watson and loses puck.
14:40 of 2nd period - Connor Bunnaman is hit by Jesse Puljujarvi and loses puck.
14:51 of 2nd period - Scott Perunovich is hit by Cole Koepke and loses puck.
15:21 of 2nd period - Rasmus Kupari is hit by Austin Watson and loses puck.
15:32 of 2nd period - Luke Henman is hit by Curtis Douglas and loses puck.
15:43 of 2nd period - Liam Foudy is hit by Jonathan Dahlen and loses puck.
15:50 of 2nd period - Christian Wolanin is hit by Connor Dewar and loses puck.
16:06 of 2nd period - Simon Lundmark is hit by Jesse Puljujarvi and loses puck.
16:25 of 2nd period - Icing by Nikita Okhotyuk.
16:26 of 2nd period - Curtis Douglas wins face-off versus Glenn Gawdin in Toronto St Pats zone.
16:27 of 2nd period - Wrist shot by Ethan Bear.
16:27 of 2nd period - Stopped by Jonathan Bernier with a rebound.
16:29 of 2nd period - Slapshot by Troy Stecher.
16:29 of 2nd period - Stopped by Jonathan Bernier with a rebound.
16:31 of 2nd period - Snap shot by Dominik Bokk.
16:31 of 2nd period - Deflect By Connor Bunnaman.
16:31 of 2nd period - Shot Misses the Net.
16:31 of 2nd period - Puck is out of play.
16:32 of 2nd period - Curtis Douglas wins face-off versus Glenn Gawdin in Toronto St Pats zone.
16:35 of 2nd period - Wrist shot by Connor Bunnaman.
16:35 of 2nd period - Stopped by Jonathan Bernier with a rebound.
16:37 of 2nd period - Wrist shot by Curtis Douglas.
16:37 of 2nd period - Stopped by Jonathan Bernier without a rebound.
16:38 of 2nd period - Quinton Byfield wins face-off versus Rasmus Kupari in Toronto St Pats zone.
16:51 of 2nd period - Snap shot by Jonathan Dahlen.
16:51 of 2nd period - Shot Blocked by Dylan Samberg.
16:53 of 2nd period - Snap shot by Rasmus Kupari.
16:53 of 2nd period - Stopped by Jonathan Bernier with a rebound.
17:22 of 2nd period - Connor Bunnaman is hit by Connor Dewar and loses puck.
17:29 of 2nd period - Snap shot by Liam Foudy.
17:29 of 2nd period - Shot Misses the Net.
18:17 of 2nd period - Slapshot by Christian Wolanin.
18:17 of 2nd period - Shot Blocked by Brad Malone.
18:32 of 2nd period - Icing by Rasmus Kupari.
18:33 of 2nd period - Quinton Byfield wins face-off versus Rasmus Kupari in London Knights zone.
19:16 of 2nd period - Snap shot by Liam Foudy.
19:16 of 2nd period - Shot Misses the Net.
19:18 of 2nd period - Slapshot by Nikita Okhotyuk.
19:18 of 2nd period - Deflect By Liam Foudy.
19:18 of 2nd period - Shot Blocked by Curtis Douglas.
19:18 of 2nd period - Puck is out of play.
19:19 of 2nd period - Curtis Douglas wins face-off versus Jake Leschyshyn in London Knights zone.
19:30 of 2nd period - Slapshot by Troy Stecher.
19:30 of 2nd period - Shot Misses the Net.
19:32 of 2nd period - Slapshot by Troy Stecher.
19:32 of 2nd period - Deflect By Connor Bunnaman.
19:32 of 2nd period - Stopped by Jonathan Bernier with a rebound.
19:34 of 2nd period - Slapshot by Troy Stecher.
19:34 of 2nd period - Stopped by Jonathan Bernier with a rebound.
19:46 of 2nd period - Lassi Thomson is hit by Ethan Bear and loses puck.
19:59 of 2nd period - Tyce Thompson is hit by Austin Watson and loses puck.
Goals for this period are 0 for London Knights vs 1 for Toronto St Pats.
Shots for this period are 13 for London Knights vs 9 for Toronto St Pats.
3rd period
0:01 of 3rd period - Rasmus Kupari wins face-off versus Quinton Byfield in neutral zone.
0:36 of 3rd period - Snap shot by Jan Jenik.
0:36 of 3rd period - Shot Misses the Net.
0:48 of 3rd period - Connor Dewar is hit by Curtis Douglas and loses puck.
1:06 of 3rd period - Troy Stecher is hit by Luke Henman and loses puck.
1:15 of 3rd period - Slapshot by Pierre-Olivier Joseph.
1:15 of 3rd period - Shot Blocked by Ethan Bear.
1:17 of 3rd period - Snap shot by Ivan Lodnia.
1:17 of 3rd period - Toronto St Pats goal is going for a video replay.
1:17 of 3rd period - The goal is refused. The referee deems the play has been stopped, even if he had not physically had the opportunity to stop play by blowing his whistle..
1:18 of 3rd period - Rasmus Kupari wins face-off versus Quinton Byfield in London Knights zone.
1:52 of 3rd period - Snap shot by Jake Leschyshyn.
1:52 of 3rd period - Shot Misses the Net.
1:54 of 3rd period - Slapshot by Lucas Carlsson.
1:54 of 3rd period - Shot Blocked by Cameron Hughes.
1:56 of 3rd period - Wrist shot by Connor Dewar.
1:56 of 3rd period - Shot Misses the Net.
2:13 of 3rd period - Snap shot by Glenn Gawdin.
2:13 of 3rd period - Shot Misses the Net.
2:15 of 3rd period - Slapshot by Scott Perunovich.
2:15 of 3rd period - Stopped by Michael Hutchinson with a rebound.
2:25 of 3rd period - Snap shot by Connor Bunnaman.
2:25 of 3rd period - Goal by Connor Bunnaman - London Knights : 1 - Toronto St Pats : 1.
2:26 of 3rd period - Quinton Byfield wins face-off versus Rasmus Kupari in neutral zone.
2:29 of 3rd period - Snap shot by Austin Watson.
2:29 of 3rd period - Stopped by Michael Hutchinson with a rebound.
2:47 of 3rd period - Minor Penalty to Dylan Samberg for Roughing.
2:48 of 3rd period - Jake Leschyshyn wins face-off versus Rasmus Kupari in Toronto St Pats zone.
3:13 of 3rd period - Austin Watson is hit by Jan Jenik and loses puck.
4:22 of 3rd period - Icing by Jan Jenik.
4:23 of 3rd period - Jake Leschyshyn wins face-off versus Jan Jenik in London Knights zone.
4:47 of 3rd period - Penalty to Dylan Samberg is over, Dylan Samberg is back on ice.
4:59 of 3rd period - Wrist shot by Luke Henman.
4:59 of 3rd period - Stopped by Michael Hutchinson with a rebound.
5:01 of 3rd period - Slapshot by Pierre-Olivier Joseph.
5:01 of 3rd period - Stopped by Michael Hutchinson without a rebound.
5:02 of 3rd period - Glenn Gawdin wins face-off versus Curtis Douglas in London Knights zone.
5:03 of 3rd period - Snap shot by Rudolfs Balcers.
5:03 of 3rd period - Shot Blocked by Dominik Bokk.
5:15 of 3rd period - Snap shot by Rudolfs Balcers.
5:15 of 3rd period - Shot Misses the Net.
5:39 of 3rd period - Wrist shot by Quinton Byfield.
5:39 of 3rd period - Shot Misses the Net.
5:41 of 3rd period - Slapshot by Pierre-Olivier Joseph.
5:41 of 3rd period - Shot Blocked by Christian Wolanin.
5:43 of 3rd period - Backhand shot by Austin Watson.
5:43 of 3rd period - Shot Misses the Net.
6:03 of 3rd period - Wrist shot by Rasmus Kupari.
6:03 of 3rd period - Shot Blocked by Pierre-Olivier Joseph.
6:05 of 3rd period - Snap shot by Rasmus Kupari.
6:05 of 3rd period - Stopped by Jonathan Bernier without a rebound.
6:06 of 3rd period - Quinton Byfield wins face-off versus Rasmus Kupari in Toronto St Pats zone.
6:06 of 3rd period - Quinton Byfield is hit by Rasmus Kupari.
6:37 of 3rd period - Wrist shot by Liam Foudy.
6:37 of 3rd period - Stopped by Michael Hutchinson with a rebound.
6:47 of 3rd period - Wrist shot by Tyce Thompson.
6:47 of 3rd period - Stopped by Jonathan Bernier with a rebound.
7:01 of 3rd period - Snap shot by Liam Foudy.
7:01 of 3rd period - Stopped by Michael Hutchinson with a rebound.
7:03 of 3rd period - Slapshot by Lassi Thomson.
7:03 of 3rd period - Stopped by Michael Hutchinson with a rebound.
7:05 of 3rd period - Slapshot by Dylan Samberg.
7:05 of 3rd period - Stopped by Michael Hutchinson with a rebound.
7:07 of 3rd period - Slapshot by Lassi Thomson.
7:07 of 3rd period - Shot Blocked by Simon Lundmark.
7:09 of 3rd period - Snap shot by Jake Leschyshyn.
7:09 of 3rd period - Shot Blocked by Simon Lundmark.
7:35 of 3rd period - Snap shot by Connor Dewar.
7:35 of 3rd period - Shot Misses the Net.
7:37 of 3rd period - Snap shot by Jake Leschyshyn.
7:37 of 3rd period - Shot Blocked by Tyce Thompson.
7:39 of 3rd period - Wrist shot by Connor Dewar.
7:39 of 3rd period - Shot Misses the Net.
7:41 of 3rd period - Slapshot by Lassi Thomson.
7:41 of 3rd period - Stopped by Michael Hutchinson with a rebound.
7:43 of 3rd period - Wrist shot by Connor Dewar.
7:43 of 3rd period - Stopped by Michael Hutchinson with a rebound.
7:45 of 3rd period - Slapshot by Dylan Samberg.
7:45 of 3rd period - Deflect By Sami Niku.
7:45 of 3rd period - Goal by Dylan Samberg - London Knights : 1 - Toronto St Pats : 2.
7:46 of 3rd period - Quinton Byfield wins face-off versus Jan Jenik in neutral zone.
7:55 of 3rd period - Wrist shot by Quinton Byfield.
7:55 of 3rd period - Stopped by Michael Hutchinson with a rebound.
7:57 of 3rd period - Wrist shot by Quinton Byfield.
7:57 of 3rd period - Shot Misses the Net.
7:59 of 3rd period - Slapshot by Pierre-Olivier Joseph.
7:59 of 3rd period - Stopped by Michael Hutchinson with a rebound.
8:01 of 3rd period - Backhand shot by Jesse Puljujarvi.
8:01 of 3rd period - Shot Blocked by Cameron Hughes.
9:08 of 3rd period - Nick Swaney is hit by Glenn Gawdin and loses puck.
9:17 of 3rd period - Simon Lundmark is hit by Glenn Gawdin and loses puck.
9:51 of 3rd period - Snap shot by Christian Wolanin.
9:51 of 3rd period - Shot Blocked by Lucas Carlsson.
10:17 of 3rd period - Jan Jenik is hit by Nikita Okhotyuk and loses puck.
10:32 of 3rd period - Troy Stecher is hit by Austin Watson and loses puck.
11:23 of 3rd period - Simon Lundmark is hit by Jake Leschyshyn and loses puck.
11:36 of 3rd period - Jesse Puljujarvi is hit by Jordan Oesterle and loses puck.
12:20 of 3rd period - Jesse Puljujarvi is hit by Cole Koepke.
12:38 of 3rd period - Sami Niku is hit by Nikita Okhotyuk.
12:48 of 3rd period - Ethan Bear is hit by Liam Foudy and loses puck.
12:59 of 3rd period - Snap shot by Jake Leschyshyn.
12:59 of 3rd period - Shot Blocked by Troy Stecher.
13:15 of 3rd period - Jonathan Dahlen is hit by Rudolfs Balcers and loses puck.
13:37 of 3rd period - Curtis Douglas is hit by Antonio Stranges.
14:12 of 3rd period - Jordan Oesterle is hit by Luke Henman and loses puck.
17:43 of 3rd period - Luke Henman is hit by Marco Rossi and loses puck.
18:06 of 3rd period - Nikita Okhotyuk is hit by Ethan Bear and loses puck.
18:16 of 3rd period - Icing by Dominik Bokk.
18:17 of 3rd period - Rasmus Kupari wins face-off versus Quinton Byfield in London Knights zone.
18:22 of 3rd period - Quinton Byfield is hit by Tyce Thompson and loses puck.
18:41 of 3rd period - Nick Swaney is hit by Brad Malone and loses puck.
19:02 of 3rd period - London Knights, Michael Hutchinson is pulled from the net.
19:06 of 3rd period - Snap shot by Jonathan Dahlen.
19:06 of 3rd period - Shot Misses the Net.
19:08 of 3rd period - Wrist shot by Jonathan Dahlen.
19:08 of 3rd period - Shot Misses the Net.
19:10 of 3rd period - Backhand shot by Sami Niku.
19:10 of 3rd period - Deflect By Jonathan Dahlen.
19:10 of 3rd period - Stopped by Jonathan Bernier without a rebound.
19:11 of 3rd period - Todd Reirden call a timeout for London Knights.
19:11 of 3rd period - Liam Foudy wins face-off versus Rasmus Kupari in Toronto St Pats zone.
19:22 of 3rd period - Wrist shot by Jonathan Dahlen.
19:22 of 3rd period - Stopped by Jonathan Bernier without a rebound.
19:23 of 3rd period - Tyce Thompson wins face-off versus Liam Foudy in Toronto St Pats zone.
19:24 of 3rd period - Snap shot by Jonathan Dahlen.
19:24 of 3rd period - Shot Misses the Net.
19:26 of 3rd period - Snap shot by Tyce Thompson.
19:26 of 3rd period - Stopped by Jonathan Bernier without a rebound.
19:27 of 3rd period - Rasmus Kupari wins face-off versus Liam Foudy in Toronto St Pats zone.
19:46 of 3rd period - Wrist shot by Rasmus Kupari.
19:46 of 3rd period - Goal by Rasmus Kupari - London Knights : 2 - Toronto St Pats : 2.
19:46 of 3rd period - Michael Hutchinson from London Knights was sent back in the game.
19:47 of 3rd period - Jake Leschyshyn wins face-off versus Jan Jenik in neutral zone.
19:58 of 3rd period - Wrist shot by Cameron Hughes.
19:58 of 3rd period - Deflect By Jan Jenik.
19:58 of 3rd period - Shot Misses the Net.
19:58 of 3rd period - Puck is out of play.
19:59 of 3rd period - Jan Jenik wins face-off versus Jake Leschyshyn in Toronto St Pats zone.
Goals for this period are 2 for London Knights vs 1 for Toronto St Pats.
Shots for this period are 7 for London Knights vs 14 for Toronto St Pats.
Overtime #1
0:01 of 1st overtime period - Jake Leschyshyn wins face-off versus Jonathan Dahlen in neutral zone.
0:03 of 1st overtime period - Minor Penalty to Pierre-Olivier Joseph for Interference.
0:04 of 1st overtime period - Jonathan Dahlen wins face-off versus Jake Leschyshyn in Toronto St Pats zone.
0:04 of 1st overtime period - Slapshot by Ethan Bear.
0:04 of 1st overtime period - Stopped by Jonathan Bernier with a rebound.
0:32 of 1st overtime period - Rasmus Kupari is hit by Dylan Samberg and loses puck.
0:45 of 1st overtime period - Wrist shot by Jonathan Dahlen.
0:45 of 1st overtime period - Goal by Jonathan Dahlen - London Knights : 3 - Toronto St Pats : 2.
Goals for this period are 1 for London Knights vs 0 for Toronto St Pats.
Shots for this period are 2 for London Knights vs 0 for Toronto St Pats.
Back to the Top